montu, chaotic male human Wizard ----- --------- |<..--- ------.......-- |.....---|.........--..| --..|....|.---------|..| --.|-.....---- ---- --- --|.........|--- ----- +.| ----.|....|..- --...-- |.| -----(.|....|.....---- |.|--- ------ |..|.............- |....| |%.)!| --......---...........- |.|..| |....| |....)...|...|...........---|.|..| ---|--------....-------...---......-|.|--- --[---...-|...-|..|..|-...|..- -...|.-- @. --.........|..--|..|..|--.....|-....|@.. +...............-|---|-----..-|......@u. -----.....[....----...............|...`..... |..............-- --.--.---------.....@...-- -+-----.........| |[|.(((| --.......-- --..------- |.-.(((| -...--- ---- --|.(((| ------ montu the Thaumaturge Experience level: 6 Strength: 10 Dexterity: 12 Constitution: 13 Intelligence: 18 Wisdom: 14 Charisma: 11 Health: 0(64) Energy: 4(57) Def: 2 Gold: 288 Moves: 1944 Dungeon seed: 9Wh_ZsQedxKJubWd Game ID: montu_1704739196 Your Inventory: Coins $ - 288 gold pieces Weapons a - a blessed +1 quarterstaff (weapon in hands) Armor e - an uncursed +0 cloak of magic resistance (being worn) q - an uncursed -1 pair of levitation boots r - a cursed +0 pair of speed boots (being worn) Comestibles k - 3 uncursed lichen corpses t - 2 uncursed food rations Scrolls m - an uncursed scroll of food detection C - an uncursed scroll of confuse monster D - a blessed scroll of amnesia Spellbooks G - an uncursed spellbook of slow monster Potions o - a blessed potion of invisibility p - an uncursed potion of water x - an uncursed potion of fruit juice Wands b - an uncursed wand of striking (0:0) F - an uncursed wand of teleportation (0:7) Tools h - an uncursed blindfold v - 7 uncursed wax candles (0:400) w - a blessed wax candle (0:400) A - an uncursed leash E - an uncursed skeleton key Gems n - 2 uncursed worthless pieces of red glass y - 7 uncursed worthless pieces of violet glass z - 3 uncursed worthless pieces of yellowish brown glass H - an uncursed worthless piece of black glass I - 2 uncursed worthless pieces of blue glass J - an uncursed worthless piece of green glass N - an uncursed emerald Y - an uncursed worthless piece of orange glass Spells and supernatural/magical abilities: Name Level Category Cost Memory a - force bolt 1 attack 6pw 97% h - healing 1 healing 12pw 97% j - jumping 1 escape 12pw 97% m - magic missile 2 attack 12pw 97% s - slow monster 2 enchantment 16pw 99% x - extra healing 3 healing 37pw 98% W - pray for help -- divine ? -- Your skills at the end: Fighting Skills wands [Basic] Weapon Skills quarterstaff [Basic] Spellcasting Skills attack spells [Skilled] enchantment spells [Basic] Final Attributes: You were piously aligned. You were magic resistant. You were very fast. You last prayed 1559 turns ago. Anhur was noncommittal. You are dead. Vanquished creatures: a flaming sphere a gold golem a dwarf lord a blue jelly a soldier ant 3 gnome lords a gnomish wizard a kitten 3 dwarves a kobold lord a hobbit a manes a giant rat 2 cave spiders 18 gnomes a gecko 6 jackals a kobold a goblin a sewer rat 3 grid bugs 5 lichens 3 newts 58 creatures vanquished. Voluntary challenges: You used a wielded weapon 52 times, starting on turn 211. You read items or engraved 21 times, starting on turn 194. You never genocided any monsters. You never polymorphed an object. You never changed form. You used no wishes. You never split a pudding. You wrote Elbereth's name 9 times, starting on turn 1617. You never violated your personal moral code. Dungeon overview: The Dungeons of Doom: levels 1 to 2 Level 1 a long staircase Level 2 a fountain, a vault stairs to The Gnomish Mines The Gnomish Mines: levels 3 to 6 Level 3 stairs to The Dungeons of Doom Level 4 Level 5 Level 6 <- You were here some shops, a fountain History has recorded: On T:1 you entered the Dungeons of Doom to retrieve the Amulet of Yendor! On T:468 you reached level 2 of The Dungeons of Doom. On T:586 you advanced to experience level 2. On T:841 you advanced to experience level 3. On T:1000 you reached level 1 of The Gnomish Mines. On T:1026 you advanced to experience level 4. On T:1277 you reached level 2 of The Gnomish Mines. On T:1280 you advanced to experience level 5. On T:1309 you reached level 3 of The Gnomish Mines. On T:1573 you reached level 4 of The Gnomish Mines. On T:1759 you advanced to experience level 6. Score breakdown: Gold: 288 ( 8371 points) Experience: 6 levels (12456 points) Exploration: 6 levels ( 12.77%) ( 9890 points) Discoveries: 6 items ( 2.01%) ( 4256 points) Valuables value: (no points given unless you survive) Artifact value: 0 ( 0 points) Variety of kills: 23 monsters ( 6.05%) ( 7380 points) Turncount: 1944 turns ( 0 points) Survival: died (score multiplied by 80%) Total score: 33882 Latest messages: You are now more skilled in attack spells. You stop searching. [8 turns] The jackal bites! You kill the jackal! You miss the gray unicorn. The gray unicorn butts! The gray unicorn kicks! The wand hits the gray unicorn! The gray unicorn resists! You see here a jackal corpse. The gray unicorn butts! The gray unicorn kicks! The magic missile hits the gray unicorn! The gray unicorn butts! The gray unicorn kicks! You see here a jackal corpse. The gray unicorn butts! The gray unicorn kicks! You die... Final status: Goodbye montu the Wizard, killed by a gray unicorn... You died in The Gnomish Mines on dungeon level 6 with 33882 points, and 288 pieces of gold, after 1944 moves. You were level 6 with a maximum of 64 hit points when you died.